 Dungeon Crawl Stone Soup version 0.26.1-11-gd32895ea62 (webtiles) character file.

Game seed: 11212713928597369288

56 DearestLeader the Grave Robber (level 3, -3/28 HPs)
             Began as a Deep Dwarf Necromancer on July 8, 2021.
             Killed from afar by a white imp (6 damage)
             ... with a puff of frost
             ... on level 2 of the Dungeon.
             The game lasted 00:05:28 (1445 turns).

DearestLeader the Grave Robber (DDNe)               Turns: 1445, Time: 00:05:29

Health: -3/28      AC:  2    Str: 11    XL:     3   Next: 71%
Magic:  5/5        EV: 13    Int: 16    God:
Gold:   22         SH:  0    Dex: 13    Spells: 0/5 levels left

rFire    . . .     SeeInvis .   d - +0 short sword
rCold    . . .     Faith    .   (no shield)
rNeg     . . .     Spirit   .   a - +0 robe
rPois    .         Reflect  .   (no helmet)
rElec    .         Harm     .   (no cloak)
rCorr    .         Rampage  .   (no gloves)
Will     .....                  (no boots)
Stlth    ++........             (no amulet)
HPRegen  0.00/turn              (no ring)
MPRegen  0.09/turn              (no ring)

@: non-regenerating
A: damage resistance, heal wounds, sense surroundings 1, no regeneration
a: Heal Wounds


You were on level 2 of the Dungeon.
You visited 1 branch of the dungeon, and saw 2 of its levels.

You collected 22 gold pieces.

Inventory:

Hand Weapons
 d - a +0 short sword (weapon)
Missiles
 e - 13 poisoned darts (quivered)
 f - 2 atropa-tipped darts
Armour
 a - a +0 robe (worn)
Scrolls
 b - 2 scrolls of remove curse {unknown}
 c - a scroll of enchant armour {unknown}
 i - 3 scrolls of identify {unknown}
Potions
 g - a potion of might {unknown}
 h - a potion of magic {unknown}


   Skills:
 - Level 1.0 Armour
 + Level 2.8 Dodging
 - Level 2.4 Stealth
 - Level 1.7 Spellcasting
 * Level 5.5 Necromancy


You couldn't memorise any spells.
You knew the following spells:

 Your Spells              Type           Power        Failure   Level
a - Pain                  Necr           76%          2%          1
b - Animate Skeleton      Necr           38%          2%          1
c - Vampiric Draining     Necr           9%           7%          3

Your spell library contained the following spells:

 Spells                   Type           Power        Failure   Level
 Animate Dead             Necr           9%           22%         4
 Agony                    Necr           19%          52%         5


Dungeon Overview and Level Annotations

Branches:
Dungeon (2/15)

Altars:


Innate Abilities, Weirdness & Mutations

You are resistant to damage.
You can heal yourself by infusing magical energy.
You passively map a small area around you.
You do not regenerate.


Message History

You barely miss the white imp. The white imp gestures at you.
The puff of frost hits you.
* * * LOW HITPOINT WARNING * * *
You hit the white imp.
The white imp is moderately wounded.
The white imp hits you. The white imp freezes you.
* * * LOW HITPOINT WARNING * * *
You hit the white imp.
The white imp is heavily wounded.
The white imp hits you. The white imp freezes you.
* * * LOW HITPOINT WARNING * * *
You closely miss the white imp.
The white imp is heavily wounded.
The white imp hits you but does no damage.
You closely miss the white imp.
The white imp is heavily wounded.
The white imp gestures at you. The puff of frost hits you!
You die...

* * * , * * *
, , , ,
...###### *
.....r5.# , ,
#@### *, #...#
* * ,* ###.#
#..* #.# ..
#.# ,* ..# #.#
#.#.#<# #(#
#.#.#.# #.#
#.#.#.######.#


You could see a white imp and a rat.

Vanquished Creatures
  An adder (D:2)
  An ooze (D:1)
  A dart slug (D:1)
  2 leopard geckos
  5 bats (D:1)
  5 giant cockroaches
  5 goblins
  4 hobgoblins
  2 jackals (D:1)
  4 kobolds
  A frilled lizard (D:1)
  3 rats
34 creatures vanquished.

Notes
Turn   | Place    | Note
-------+----------+-------------------------------------------
     0 | D:1      | DearestLeader the Deep Dwarf Necromancer began the quest
                  | for the Orb.
     0 | D:1      | Reached XP level 1. HP: 15/15 MP: 3/3
    12 | D:1      | Learned a level 1 spell: Animate Skeleton
   262 | D:1      | Reached XP level 2. HP: 19/22 MP: 0/4
   273 | D:1      | Reached skill level 1 in Armour
   453 | D:1      | Reached skill level 5 in Necromancy
   628 | D:1      | Reached XP level 3. HP: 22/28 MP: 2/5
   668 | D:1      | Learned a level 3 spell: Vampiric Draining
  1259 | D:2      | Found a faded altar of an unknown god.
  1445 | D:2      | Killed from afar by a white imp

Illustrated notes

Levels and vault maps discovered:
D:1:      ncdulo_lavacross, layout_loops_ring
D:2:      layout_loops_ring, chequers_ecumenical_altar_simple,
          chequers_serial_rivers_large_b, moated_statue, grunt_ministairs_4

Skill      XL: |  1  2 |
---------------+-------+-----
Armour         | 1 |  1.0
Necromancy     | 5 |  5.5
Dodging        | |  2.8
Stealth        | |  2.4
Spellcasting   | |  1.7

Action                   || total
-------------------------++-------
Melee: Unarmed           ||     5
       Short sword       ||    36
Throw: Dart              ||     3
 Cast: Pain              ||    40
       Vampiric Draining ||     7
       Animate Skeleton  ||     4
 Stab: Sleeping          ||     1
Armor: Robe              ||    15
Dodge: Dodged            ||    46
